 Dungeon Crawl Stone Soup version 0.24-a0-252-g5076262 (webtiles) character file.

Game seed: 5627820054740121656

137 Borgoz the Cutter (level 5, -2/49 HPs)
             Began as a Kobold Berserker on Apr 17, 2019.
             Was a Believer of Trog.
             Slain by an orc
             ... wielding a +0 whip
              (5 damage)
             ... on level 4 of the Dungeon.
             The game lasted 00:03:05 (2546 turns).

Borgoz the Cutter (Kobold Berserker)                Turns: 2546, Time: 00:03:06

Health: -2/49      AC:  2    Str: 19    XL:     5   Next: 44%
Magic:  5/5        EV: 22    Int:  8    God:    Trog [**....]
Gold:   96         SH:  0    Dex: 19    Spells: 4/4 levels left

rFire    . . .     SeeInvis .   a - +2 short sword (venom)
rCold    . . .     Gourm    .   (shield restricted)
rNeg     . . .     Faith    .   b - +0 animal skin
rPois    .         Spirit   .   (no helmet)
rElec    .         Reflect  .   (no cloak)
rCorr    .         Harm     .   (no gloves)
MR       .....                  (no boots)
Stlth    ..........             (no amulet)
HPRegen  0.16/turn              i - +3 ring of dexterity
MPRegen  0.09/turn              m - +5 ring of evasion

@: berserking, very quick
A: small, carnivore
a: Berserk, Trog's Hand, Renounce Religion


You were on level 4 of the Dungeon.
You worshipped Trog.
Trog was pleased with you.
You were very full.

You visited 1 branch of the dungeon, and saw 4 of its levels.

You collected 96 gold pieces.

Inventory:

Hand Weapons
 a - a +2 short sword of venom (weapon)
 l - a +0 short sword
Armour
 b - a +0 animal skin (worn)
Jewellery
 i - a +3 ring of dexterity (left hand)
 m - a +5 ring of evasion (right hand)
Scrolls
 d - 2 scrolls of blinking {unknown}
 e - 4 scrolls of identify {unknown}
 f - 2 scrolls of immolation {unknown}
 g - a scroll of noise {unknown}
 h - a scroll of enchant weapon {unknown}
 j - a scroll of fear {unknown}
 k - 3 scrolls of remove curse {unknown}
 q - a scroll of fog {unknown}
Potions
 n - a potion of berserk rage {unknown}
 o - a potion of heal wounds {unknown}
Comestibles
 c - 3 rations


   Skills:
 * Level 4.1 Fighting
 * Level 5.0 Short Blades
 * Level 2.4 Armour
 * Level 3.6 Dodging
 + Level 1.8 Stealth


You had 4 spell levels left.
You didn't know any spells.
Your spell library was empty.

Dungeon Overview and Level Annotations

Branches:
Dungeon (4/15)
 Temple: D:4-7

Altars:


Innate Abilities, Weirdness & Mutations

You are small and have problems with some larger weapons.
You are carnivorous and can eat meat at any time.


Message History

The orc hits you but does no damage.
You hear some strange, mumbled words.
A puff of flame appears from out of thin air!
The puff of flame hits you! The orc hits you with a +0 whip.
* * * LOW HITPOINT WARNING * * *
Okay, then.
A red film seems to cover your vision as you go berserk!
You feel yourself moving faster!
You feel mighty! The orc barely misses you. Something hits you.
* * * LOW HITPOINT WARNING * * *
The orc hits you with a +0 whip.
* * * LOW HITPOINT WARNING * * *
You hit the orc but do no damage.
The orc is poisoned.
The orc hits you with a +0 whip.
* * * LOW HITPOINT WARNING * * *
You hit the orc.
You kill the orc!
Trog accepts your kill. Something hits you but does no damage.
The orc hits you with a +0 whip.
You die...

<.. .# ..## ..# . #..#
..# #.. .. #..## #.##
..# ... #..# #..# ##..#
#.. #..###..###..# .#...
#.......##...#
......#)...........## #
..!...{@####........####
......o## ##........##.
....... #.##........
....... #.##........
....... #.##.....###
#...<.. .####...## #
...#### . #..## #.. #.
#.## ## ###


You could see an orc.

Vanquished Creatures
  An orc wizard (D:4)
  4 adders
  2 worms (D:2)
  2 dart slugs
  A leopard gecko (D:1)
  An orc (D:4)
  A ball python (D:1)
  5 giant cockroaches
  8 goblins
  8 hobgoblins
  3 jackals (D:1)
  2 quokkas (D:2)
  5 bats (D:1)
  4 frilled lizards
  6 kobolds
  4 rats
57 creatures vanquished.

Notes
Turn   | Place    | Note
-------+----------+-------------------------------------------
     0 | D:1      | Borgoz the Kobold Berserker began the quest for the Orb.
     0 | D:1      | Reached XP level 1. HP: 14/14 MP: 1/1
   190 | D:1      | Reached XP level 2. HP: 12/19 MP: 2/2
   276 | D:1      | Reached skill level 1 in Stealth
   575 | D:1      | Reached XP level 3. HP: 17/23 MP: 3/3
  1235 | D:2      | Found a faded altar of an unknown god.
  1256 | D:2      | Reached ** piety under Trog
  1257 | D:2      | Reached XP level 4. HP: 20/29 MP: 4/4
  1465 | D:2      | HP: 2/43 [poisoned by a kobold]
  2343 | D:3      | You fall through a shaft!
  2538 | D:4      | Reached skill level 5 in Short Blades
  2538 | D:4      | Reached XP level 5. HP: 24/33 MP: 5/5
  2546 | D:4      | Slain by an orc

Levels and vault maps discovered:
D:1:      shiori_arrival_elements, layout_basic, chequers_decorated_corner
D:2:      layout_rooms, chequers_ecumenical_altar_simple_redux, first_ration
D:3:      layout_basic, minmay_joined_circles
D:4:      minmay_opposing_rooms, layout_layer_cave,
          nicolae_ru_great_annihilating_truth

Skill      XL: |  1  2  3  4 |
---------------+-------------+-----
Stealth        | 1 |  1.8
Armour         | 2 |  2.4
Dodging        | 3 |  3.6
Fighting       | 4 |  4.1
Short Blades   | 5 |  5.0

Action                   |  1- 3 |  4- 6 || total
-------------------------+-------+-------++-------
Melee: Short sword       |   122 |    80 ||   202
Invok: Berserk           |     3 |     1 ||     4
  Use: Potion            |       |     1 ||     1
 Stab: Sleeping          |       |     1 ||     1
  Eat: Chunk             |     8 |     8 ||    16
Armor: Animal skin       |    14 |     1 ||    15
Dodge: Dodged            |   133 |    68 ||   201

Table legend:
 A = Non-vault XP
 B = Vault XP
 C = Vault XP percentage of total XP
 D = Non-vault monster count
 E = Vault monster count
 F = Vault count percentage of total count
                 A         B        C        D         E       F
            +---------+---------+-------+---------+---------+-------
      Total |     197 |       0 |   0.0 |      57 |       0 |   0.0
            +---------+---------+-------+---------+---------+-------
        D:1 |      52 |       0 |   0.0 |      29 |       0 |   0.0
        D:2 |      80 |       0 |   0.0 |      22 |       0 |   0.0
        D:3 |       5 |       0 |   0.0 |       3 |       0 |   0.0
        D:4 |      60 |       0 |   0.0 |       3 |       0 |   0.0
            +---------+---------+-------+---------+---------+-------
